 Dungeon Crawl Stone Soup version 0.19-a0-1653-g922d709 (webtiles) character file.

85 TheGoonsmith the Cudgeler (level 4, -7/50 HPs)
             Began as an Ogre Berserker on Sept 19, 2016.
             Was a Believer of Trog.
             Mangled by Sigmund
             ... wielding a +7 scythe of venom
              (21 damage)
             ... on level 2 of the Dungeon.
             The game lasted 00:02:18 (2012 turns).

TheGoonsmith the Cudgeler (Ogre Berserker)          Turns: 2012, Time: 00:02:19

Health: -7/50      AC:  3    Str: 22    XL:     4   Next: 48%
Magic:  4/4        EV: 10    Int:  6    God:    Trog [**....]
Gold:   85         SH:  0    Dex: 10    Spells: 0 memorised, 3 levels left

rFire  . . .     SeeInvis .     a - +0 mace
rCold  . . .     Gourm    .     b - +0 animal skin
rNeg   . . .     Faith    .     (no shield)
rPois  .         Spirit   .     (helmet restricted)
rElec  .         Dismiss  .     (no cloak)
rCorr  .         Reflect  .     (gloves unavailable)
MR     ++...     Harm     .     (boots unavailable)
Stlth  +.........               (no amulet)
                                (no ring)
                                (no ring)

@: lethally poisoned (-7 -> -13), regenerating
A: unfitting armour, tough skin 1
a: Berserk, Trog's Hand, Burn Spellbooks, Renounce Religion


You were on level 2 of the Dungeon.
You worshipped Trog.
Trog was pleased with you.
You were very hungry.

You visited 1 branch of the dungeon, and saw 2 of its levels.

You collected 85 gold pieces.

Inventory:

Hand Weapons
 a - a +0 mace (weapon)
Armour
 b - a +0 animal skin (worn)
Jewellery
 j - an uncursed amulet of regeneration {unknown}
Scrolls
 d - a scroll of noise {unknown}
 f - 3 scrolls of remove curse {unknown}
 h - 2 scrolls of identify {unknown}
 k - a scroll of amnesia {unknown}
Potions
 e - 6 potions of curing {unknown}
 g - a potion of lignification {unknown}
 l - a potion of magic {unknown}
Comestibles
 c - 4 bread rations


   Skills:
 + Level 5.2 Fighting
 * Level 5.8 Maces & Flails
 - Level 2.6 Dodging


You had 3 spell levels left.
You didn't know any spells.

Dungeon Overview and Level Annotations

Branches:
Dungeon (2/15)

Altars:

Annotations:
D:2 Sigmund


Innate Abilities, Weirdness & Mutations

You are too large for most types of armour.
You have tough skin. (AC +1)


Message History

You are feeling very hungry.
Sigmund gestures at you while chanting. The magic dart hits you!
You're too hungry to go berserk.
Sigmund says, "Now you see me, now you don't..."
Sigmund drinks a potion.
Sigmund seems to grow stronger.
You closely miss Sigmund.
Sigmund points at you and mumbles some strange words.
The puff of flame hits you! Sigmund closely misses you.
You start eating one of the 4 bread rations.
You feel the effects of Trog's Hand fading.
Keep eating?
You continue eating.
Sigmund hits you from afar with a scythe of venom!!
You are poisoned.
You continue eating.
You feel very sick.
Sigmund hits you from afar with a scythe of venom!!
You die...

..............#
.........####.#
..######.# #.# ..#
#.# #.#
.<######.####.####
.................#
#.#####..#######.#
#.#####..# #.#
.........## #@#
..........# #.#
.######.### #@# .#
#.##.# #.#
.###.##.###### #.#
..............##.#
........########.#
...#..### #.#
...#..## #.#


You could see Sigmund.

Vanquished Creatures
  3 adders (D:2)
  2 oozes (D:1)
  2 worms (D:2)
  A dart slug (D:1)
  8 bats
  2 giant cockroaches
  7 goblins (D:1)
  3 hobgoblins (D:1)
  3 jackals (D:1)
  6 kobolds
  5 rats
42 creatures vanquished.

Vanquished Creatures (others)
  4 toadstools (D:1)
4 creatures vanquished.

Grand Total: 46 creatures vanquished

Notes
Turn   | Place    | Note
-------+----------+-------------------------------------------
     0 | D:1      | TheGoonsmith the Ogre Berserker began the quest for the Orb.
     0 | D:1      | Reached XP level 1. HP: 24/24 MP: 1/1
    32 | D:1      | Reached XP level 2. HP: 32/32 MP: 2/2
   620 | D:1      | Reached skill level 5 in Maces & Flails
   620 | D:1      | Reached XP level 3. HP: 38/40 MP: 3/3
  1056 | D:1      | Reached ** piety under Trog
  1540 | D:2      | Reached XP level 4. HP: 46/49 MP: 4/4
  1600 | D:2      | Reached skill level 5 in Fighting
  1999 | D:2      | Noticed Sigmund
  2012 | D:2      | Mangled by Sigmund

Vault maps used:
D:1:      ldierk_walled_garden_2
D:2:      uniq_sigmund

Skill      XL: |  1  2  3  4 |
---------------+-------------+-----
Maces & Flails | 5 |  5.8
Fighting       | 5 |  5.2
Dodging        | |  2.6

Action                   |  1- 3 |  4- 6 || total
-------------------------+-------+-------++-------
Melee: Mace              |   122 |    46 ||   168
Invok: Trog's Hand       |     1 |     1 ||     2
       Berserk           |     1 |       ||     1
 Stab: Sleeping          |     1 |       ||     1
  Eat: Chunk             |     3 |     1 ||     4
Armor: Animal skin       |    37 |    13 ||    50
Dodge: Dodged            |    67 |    35 ||   102
